 Dungeon Crawl Stone Soup version 0.29.1-12-g30fa7ad0bf (webtiles) character file.

Game seed: 17270420786079048891

326 FexLirch the Insei (level 6, -1/38 HPs)
             Began as an Octopode Transmuter on Dec 25, 2022.
             Was an Initiate of Jiyva.
             Slain by Grinder (5 damage)
             ... on level 5 of the Dungeon.
             The game lasted 00:11:52 (4287 turns).

FexLirch the Insei (Octopode Transmuter)            Turns: 4287, Time: 00:11:53

Health: -1/38      AC:  1    Str:  9    XL:     6   Next: 49%
Magic:  8/9        EV: 13    Int: 17    God:    Jiyva [......]
Gold:   237        SH:  0    Dex: 13    Spells: 6/9 levels left

rFire   . . .      SeeInvis .     - Unarmed
rCold   . . .      Faith    .   (no shield)
rNeg    . . .      Spirit   .   (helmet currently unavailable)
rPois   .          Reflect  .   (no amulet)
rElec   .          Harm     .   (no ring)
rCorr   .          Rampage  .   (no ring)
Will    .....                   (no ring)
Stlth   ++........              (no ring)
HPRegen 0.12/turn               (no ring)
MPRegen 0.11/turn               (no ring)
                                (no ring)
                                (no ring)

@: appendages (expiring), wereblooded
A: tentacle spike 3, almost no armour, amphibious, 8 rings, camouflage 1,
gelatinous body 1, (nimble swimmer 1), tentacles
a: End Transformation, Renounce Religion


You were on level 5 of the Dungeon.
You worshipped Jiyva.
Jiyva was noncommittal.
One of your tentacles had grown a beastly spike.
You visited 1 branch of the dungeon, and saw 5 of its levels.
You also visited: Sewer.

You collected 237 gold pieces.

Inventory:

Missiles
 e - 20 poisoned darts
Magical Staves
 l - a staff of conjuration
Scrolls
 b - a scroll of enchant armour {unknown}
 c - a scroll of teleportation {unknown}
 d - a scroll of enchant weapon
 f - a scroll of immolation
 g - a scroll of magic mapping {unknown}
 i - a scroll of amnesia {unknown}
 k - a scroll of vulnerability {unknown}
 n - 2 scrolls of blinking {unknown}
 p - a scroll of poison {unknown}
 q - a scroll of torment {unknown}
Potions
 a - 2 potions of might
 h - a potion of berserk rage {unknown}
 j - 3 potions of resistance
 m - 2 potions of brilliance
 o - a potion of cancellation {unknown}
 r - 2 potions of heal wounds
 s - a potion of mutation {unknown}


   Skills:
 - Level 1.0 Fighting
 - Level 2.0 Dodging
 + Level 5.4 Unarmed Combat
 - Level 2.0 Spellcasting
 * Level 4.9 Transmutations
 + Level 0.1 Poison Magic


You had 6 spell levels left.
You knew the following spells:

 Your Spells              Type           Power      Damage    Failure   Level
a - Beastly Appendage     Tmut           36%        N/A       2%          1
b - Wereblood             Tmut           18%        N/A       4%          2

Your spell library contained the following spells:

 Spells                   Type           Power      Damage    Failure   Level
 Apportation              Tloc           2%         N/A       19%         1
 Necrotise                Necr           4%         1d4       19%         1
 Summon Small Mammal      Summ           4%         N/A       19%         1
 Spider Form              Tmut/Pois      10%        N/A       21%         3
 Ice Form                 Ice/Tmut       10%        N/A       56%         4


Dungeon Overview and Level Annotations

Branches:
Dungeon (5/15)              Sewer (visited)
 Temple: D:4-7

Altars:

Shops:
D:3 *

Annotations:
D:5 Grinder, Ijyb


Innate Abilities, Weirdness & Mutations

One of your tentacles has grown a beastly spike.
You cannot wear most types of armour.
You are amphibious.
You can wear up to eight rings at the same time.
Your skin changes colour to match your surroundings (Stealth+).
Your rubbery body absorbs attacks. (AC +1, EV +1)
((You are camouflaged when in or above water. (Stealth+)))
You have tentacles for arms and can constrict up to eight enemies at once.


Message History

You tentacle-slap the gnoll. Your grab misses the gnoll.
Your tentacle spike misses the gnoll.
You squeeze the gnoll!
The gnoll is almost dead.
The gnoll hits you with a +0 spear.
You closely miss the gnoll. You grab the gnoll.
You squeeze the gnoll, but do no damage.
The gnoll is almost dead.
You constrict the gnoll.
You feel a bit better.
You kill the gnoll!
You see here a +0 spear.
You swap places.
You howl as the wereblood boils in your veins!
You hear a slurping noise.
You hear a slurping noise.
You closely miss Grinder.
Grinder shouts!
You grab Grinder. You constrict Grinder. Grinder hits you.
You tentacle-slap Grinder.
You pierce Grinder.
Grinder is lightly wounded.
Your transformation is almost over.
You constrict Grinder, but do no damage.
Grinder misses you.
You tentacle-slap Grinder.
Your tentacle spike misses Grinder.
You squeeze Grinder, but do no damage.
Grinder is lightly wounded.
You constrict Grinder, but do no damage.
Grinder hits you!
You writhe in agony.
* * * LOW HITPOINT WARNING * * *
You tentacle-slap Grinder but do no damage.
You pierce Grinder.
Grinder is lightly wounded.
You constrict Grinder. Grinder gestures at you.
You resist with significant effort.
You tentacle-slap Grinder.
You pierce Grinder.
Grinder is moderately wounded.
You constrict Grinder. Grinder hits you!
* * * LOW HITPOINT WARNING * * *
You writhe in agony.
You die...

#.# #..# #.#
.... #.# #..#
#.# #..# #.#
#..# #.# #..#
#5#
#..###@###.##
#............#
#.##########..
#.# g######.#
.#......#
#.#.######
#.#.# #^#.#


You could see Grinder.

Vanquished Creatures
  An orc priest (D:3)
  3 jellies (Sewer)
  6 gnolls
  2 adders
  A river rat (Sewer)
  8 worms
  A dart slug (D:3)
  4 orcs
  11 endoplasms
  9 giant cockroaches
  7 goblins
  A hobgoblin (D:3)
  4 jackals (D:2)
  7 kobolds
  3 quokkas
  14 ball pythons
  6 bats
  8 frilled lizards
  6 rats
102 creatures vanquished.

Vanquished Creatures (others)
  A jelly (D:5)
  An orc priest (D:5)
  2 gnolls (D:5)
  A dart slug (D:5)
5 creatures vanquished.

Grand Total: 107 creatures vanquished

Notes
Turn   | Place    | Note
-------+----------+-------------------------------------------
     0 | D:1      | FexLirch the Octopode Transmuter began the quest for the
                  | Orb.
     0 | D:1      | Reached XP level 1. HP: 13/13 MP: 3/3
   300 | D:1      | Reached XP level 2. HP: 18/18 MP: 3/5
   304 | D:1      | Learned a level 2 spell: Wereblood
   754 | D:2      | Reached XP level 3. HP: 14/23 MP: 4/6
  1547 | D:2      | Reached XP level 4. HP: 19/28 MP: 5/7
  1683 | D:2      | Reached skill level 4 in Unarmed Combat
  1973 | D:3      | Reached XP level 5. HP: 31/33 MP: 8/8
  2249 | D:3      | Found Voubyn's Assorted Antiques.
  3274 | D:4      | Found a glowing drain.
  3288 | Sewer    | Entered a sewer
  3485 | Sewer    | Reached skill level 5 in Unarmed Combat
  3485 | Sewer    | Reached XP level 6. HP: 10/38 MP: 6/9
  3803 | Sewer    | Found a viscous altar of Jiyva.
  3824 | Sewer    | Became a worshipper of Jiyva Jiurghec the Shapeless
  4160 | D:5      | Entered Level 5 of the Dungeon
  4216 | D:5      | Noticed Ijyb
  4270 | D:5      | Noticed Grinder
  4287 | D:5      | Slain by Grinder

Illustrated notes

Levels and vault maps discovered:
D:1:      lightli_arrival_statue_moat, layout_basic
D:2:      minmay_alternating_diamond, layout_loops_ring, minmay_tetromino_s4
D:3:      layout_basic, serial_shops, shop_coins
D:4:      layout_loops_ring, cheibrodos_sewer_entry_bend, minmay_misc_feat_tiny
D:5:      layout_loops_ring, dk_yredelemnul_ordeal,
          minmay_temple_entry_gardened_gates, uniq_ijyb, uniq_grinder

Skill      XL: |  1  2  3  4  5 |
---------------+----------------+-----
Transmutations | 3 4 |  4.9
Unarmed Combat | 4 5 |  5.4
Fighting       | |  1.0
Dodging        | |  2.0
Spellcasting   | |  2.0
Poison Magic   | |  0.1

Action                   |  1- 3 |  4- 6 || total
-------------------------+-------+-------++-------
Melee: Unarmed           |    72 |   133 ||   205
       Constrict         |    26 |    37 ||    63
       Kick              |    25 |    45 ||    70
       Tentacles         |    13 |    18 ||    31
       Punch             |     2 |     7 ||     9
 Cast: Beastly Appendage |    19 |    32 ||    51
       Wereblood         |     5 |    16 ||    21
  Use: Potion            |       |     4 ||     4
       Scroll            |       |     3 ||     3
 Stab: Sleeping          |     1 |     4 ||     5
Armor: Skin              |     9 |    24 ||    33
Dodge: Dodged            |    33 |    70 ||   103
